 Dungeon Crawl Stone Soup version 0.25.1-2-g60ff931df9 (webtiles) character file.

Game seed: 17029847352520938028

103 JustSomeDude the Slasher (level 4, 0/35 HPs)
             Began as a Demonspawn Monk on Sept 7, 2020.
             Slain by a gnoll
             ... wielding a +0 whip
              (9 damage)
             ... on level 3 of the Dungeon on Sept 15, 2020.
             The game lasted 00:04:27 (2064 turns).

JustSomeDude the Slasher (Demonspawn Monk)          Turns: 2064, Time: 00:04:28

Health: 0/35       AC:  9    Str: 12    XL:     4   Next: 51%
Magic:  4/4        EV:  6    Int: 12    God:
Gold:   126        SH:  0    Dex: 15    Spells: 3/3 levels left

rFire    . . .     SeeInvis .   a - +0 falchion
rCold    . . .     Gourm    .   (no shield)
rNeg     . . .     Faith    .   g - +0 chain mail
rPois    .         Spirit   .   (no helmet)
rElec    .         Reflect  .   (no cloak)
rCorr    .         Harm     .   (no gloves)
MR       .....                  m - +0 pair of boots
Stlth    ..........             (no amulet)
HPRegen  0.11/turn              (no ring)
MPRegen  0.09/turn              (no ring)

@: hasted, very quick
A: talons 1, powered by death 1
a: no special abilities


You were on level 3 of the Dungeon.
You were not hungry.

You visited 1 branch of the dungeon, and saw 3 of its levels.

You collected 126 gold pieces.

Inventory:

Hand Weapons
 a - a +0 falchion (weapon)
Armour
 b - a +0 robe
 g - a +0 chain mail (worn)
 m - a +0 pair of boots (worn)
Scrolls
 d - a scroll of teleportation {unknown}
 e - a scroll of magic mapping {unknown}
 f - a scroll of enchant weapon {unknown}
 h - a scroll of blinking {unknown}
 n - 3 scrolls of remove curse {unknown}
 p - a scroll of identify {unknown}
 q - a scroll of fog {unknown}
Potions
 j - a potion of degeneration {unknown}
 k - a potion of curing
 o - a potion of flight {unknown}
Comestibles
 c - 5 rations
 l - 10 chunks of flesh


   Skills:
 + Level 3.3 Fighting
 + Level 3.8 Long Blades
 + Level 1.4 Armour
 + Level 3.1 Dodging
 + Level 1.9 Stealth


You had 3 spell levels left.
You didn't know any spells.
Your spell library was empty.

Dungeon Overview and Level Annotations

Branches:
Dungeon (3/15)

Altars:


Innate Abilities, Weirdness & Mutations

You have sharp toenails.
You regenerate a little health from kills.


Message History

The gnoll hits you from afar with a +0 spear.
* * * LOW HITPOINT WARNING * * *
You hit the gnoll.
The gnoll is moderately wounded.
The gnoll hits you but does no damage.
You closely miss the gnoll.
The gnoll is moderately wounded.
The gnoll hits you but does no damage.
You hit the gnoll but do no damage.
The gnoll is moderately wounded.
The gnoll hits you but does no damage. x2
You hit the gnoll but do no damage.
The gnoll is moderately wounded.
The gnoll barely misses you.
You riposte.
You closely miss the gnoll.
The gnoll is moderately wounded.
The gnoll hits you but does no damage.
You hit the gnoll.
The gnoll is heavily wounded.
The gnoll hits you with a +0 whip!
You die...

#.....# #.## ####.####
#...
#.......##############
#.##.##.##.......#####
# #.##.##.#####.##...
#.............(....
####.##.#..##.##.##
#.#####.##.#..##.##.#
#..gg@..##.......##.#
###################>##
#... #.## #.# #.# #.#
#.## #...


You could see 2 gnolls.

Vanquished Creatures
  2 gnolls (D:3)
  An adder (D:2)
  2 worms
  A dart slug (D:1)
  2 leopard geckos
  9 orcs
  A ball python (D:2)
  A giant cockroach (D:2)
  9 goblins
  6 hobgoblins
  2 jackals (D:1)
  A quokka (D:2)
  5 bats
  2 frilled lizards (D:1)
  5 kobolds
  7 rats
56 creatures vanquished.

Notes
Turn   | Place    | Note
-------+----------+-------------------------------------------
     0 | D:1      | JustSomeDude the Demonspawn Monk began the quest for the
                  | Orb.
     0 | D:1      | Reached XP level 1. HP: 18/18 MP: 1/1
   242 | D:1      | Gained mutation: You have sharp toenails. [demonic
                  | ancestry]
   242 | D:1      | Reached XP level 2. HP: 23/24 MP: 2/2
   714 | D:2      | Gained mutation: You regenerate a little health from kills.
                  | [demonic ancestry]
   714 | D:2      | Reached XP level 3. HP: 20/29 MP: 3/3
  1439 | D:2      | You fall into a shaft and drop 1 floor!
  1674 | D:3      | Reached XP level 4. HP: 32/35 MP: 4/4
  1890 | D:3      | Reached skill level 1 in Armour
  2064 | D:3      | Slain by a gnoll

Illustrated notes

Levels and vault maps discovered:
D:1:      dpeg_arrival_round_b, layout_rooms
D:2:      layout_loops_ring, trog_book
D:3:      layout_loops_cross, first_ration

Skill      XL: |  1  2  3  4 |
---------------+-------------+-----
Dodging        | 3 |  3.1
Long Blades    | 3 |  3.8
Armour         | 1 |  1.4
Fighting       | |  3.3
Stealth        | |  1.9

Action                   |  1- 3 |  4- 6 || total
-------------------------+-------+-------++-------
Melee: Falchion          |   148 |    59 ||   207
       Kick              |    22 |       ||    22
  Use: Potion            |       |     2 ||     2
 Stab: Sleeping          |     1 |       ||     1
  Eat: Chunk             |     3 |     1 ||     4
Armor: Chain mail        |    82 |    23 ||   105
Dodge: Dodged            |    49 |    20 ||    69
       Rpst.: Falchion   |    18 |     6 ||    24
